 Dungeon Crawl Stone Soup version 0.29-a0-909-g30c7767f5c (webtiles) character file.

Game seed: 11227610570493752736

15 Cthan the Magician (level 2, 21/21 HPs)
             Began as a Djinni Ice Elementalist on July 25, 2022.
             Was a Follower of Zin.
             Quit the game on level 1 of the Dungeon.
             The game lasted 00:05:37 (1083 turns).

Cthan the Magician (Djinni Ice Elementalist)        Turns: 1083, Time: 00:05:38

Health: 21/21      AC:  2    Str:  7    XL:     2   Next: 65%
Gold:   0          EV: 12    Int: 16    God:    Zin [*.....] SH:  0 Dex: 13

rFire   + + .      SeeInvis .   d - +0 short sword
rCold   x . .      Faith    .   (no shield)
rNeg    . . .      Spirit   .   c - +0 robe
rPois   ∞          Reflect  .   (no helmet)
rElec   .          Harm     .   (no cloak)
rCorr   .          Rampage  .   (no gloves)
Will    .....                   (boots unavailable)
Stlth   ++........              (no amulet)
HPRegen 0.07/turn               (no ring)
MPRegen 0.00/turn               (no ring)

@: flying
A: sickness immunity, fire resistance 2, cold vulnerability 1, float, innate
caster, HP casting, extra vitality 1
a: Renounce Religion, Recite, Donate Gold


You were on level 1 of the Dungeon.
You worshipped Zin.
Zin was aware of your devotion.
You visited 1 branch of the dungeon, and saw 1 of its levels.

Inventory:

Hand Weapons
 a - a +0 dagger
 d - a +0 short sword (weapon)
Missiles
 b - 2 stones
Armour
 c - a +0 robe (worn)
Scrolls
 f - a scroll of identify {unknown}
Potions
 e - a potion of might {unknown}


   Skills:
 - Level 2.4 Dodging
 - Level 1.8 Stealth
 + Level 3.5 Spellcasting


You couldn't memorise any spells.
You knew the following spells:

 Your Spells              Type           Power      Damage    Failure   Level
a - Freeze                Ice            56%        1d7       4%          1
b - Frozen Ramparts       Ice            28%        1d4       12%         3
c - Ozocubu's Armour      Ice            14%        N/A       12%         3
d - Hailstorm             Conj/Ice       14%        3d5       38%         4
Your spell library was empty.

Dungeon Overview and Level Annotations

Branches:
Dungeon (1/15)

Altars:
Zin


Innate Abilities, Weirdness & Mutations

You are immune to sickness and miasma.
You are immune to poison.
Your flesh is very heat resistant. (rF++)
You are vulnerable to cold. (rC-)
You float through the air rather than walking.
You learn spells naturally, not from books.
Your magical power is your life essence.
You have superior vitality. (+4 MHP)


Message History

Press: ? - help, Q - select action, (/) - cycle Shift-Dir - straight line, f - frilled lizard
Aim: a frilled lizard You freeze the frilled lizard.
The frilled lizard is heavily wounded.
The frilled lizard seems to slow down.
The ball python barely misses you. The ball python misses you.
The frilled lizard misses you. The ball python misses you.
The ball python closely misses you.
Aiming: Freeze (safe; 4% risk of failure)
Press: ? - help, Q - select action, (/) - cycle Shift-Dir - straight line, f - ball python, p - frilled lizard
Aim: a ball python You freeze the ball python.
The ball python is severely wounded.
The ball python closely misses you. x2
Aiming: Freeze (safe; 4% risk of failure)
Press: ? - help, Q - select action, (/) - cycle Shift-Dir - straight line, f/p - ball python
Aim: a ball python (severely wounded)
You freeze the ball python.
You kill the ball python!
The frilled lizard is no longer moving slowly.
The frilled lizard barely misses you.
Aiming: Freeze (safe; 4% risk of failure)
Press: ? - help, Q - select action, (/) - cycle Shift-Dir - straight line, f - frilled lizard
Aim: a frilled lizard (heavily wounded)
You freeze the frilled lizard.
You kill the frilled lizard!
You start resting.
HP restored.
A frilled lizard comes into view.
You reach down and open the door.
There is an open door here.
There is a faded altar of an unknown god here.
There is a faded altar of an unknown god here.
You cannot tell which god this altar belongs to.
Convert to them anyway?
Uppercase [Y]es or [N]o only, please.
You cannot tell which god this altar belongs to.
Convert to them anyway?
Zin accepts your prayer! Zin welcomes you!
You can now donate money to Zin.
You can now recite Zin's Axioms of Law.
Are you sure you want to abandon this character and quit the game? (Confirm with "yes".)

##### ####≈≈≈#### #≈≈≈≈≈≈≈≈≈#
#≈≈≈≈≈≈≈≈≈## #≈≈≈≈≈≈≈≈≈≈#
#..#####≈≈≈## #####
#..#...#≈≈≈≈######....
#..'.@.#≈≈≈≈##.......#
##..#...#≈≈≈≈##.......#
#.#######≈≈≈..'.......#
#.≈≈≈≈≈≈≈≈≈≈.##.......#
.......≈≈≈≈≈≈≈≈≈≈≈..+.......'
......#..≈≈≈≈≈≈≈≈..##.......#
....###....≈≈≈.....##........
... #............##........
.. #...........##.....#...


There were no monsters in sight!

Vanquished Creatures
  2 ball pythons (D:1)
  A hobgoblin (D:1)
  4 jackals (D:1)
  2 kobolds (D:1)
  A quokka (D:1)
  A bat (D:1)
  A frilled lizard (D:1)
  A rat (D:1)
13 creatures vanquished.

Notes
Turn   | Place    | Note
-------+----------+-------------------------------------------
     0 | D:1      | Cthan the Djinni Ice Elementalist began the quest for the
                  | Orb.
     0 | D:1      | Cthan set off with the following spells memorised: Freeze,
                  | Frozen Ramparts, Ozocubu's Armour, Hailstorm.
     0 | D:1      | Reached XP level 1. HP: 15/15 MP: 0/0
   502 | D:1      | Reached XP level 2. HP: 8/21 MP: 0/0
   995 | D:1      | Found a faded altar of an unknown god.
  1082 | D:1      | Prayed at the altar of an unknown god.
  1082 | D:1      | Became a worshipper of Zin the Law-Giver
  1082 | D:1      | Reached * piety under Zin
  1083 | D:1      | Quit the game

Illustrated notes

Levels and vault maps discovered:
D:1:      beargit_arrival_diablo_church, layout_basic,
          nicolae_ecumenical_lake_church

Action                   || total
-------------------------++-------
Melee: Short sword       ||     5
 Cast: Freeze            ||    22
Armor: Robe              ||     5
Dodge: Dodged            ||    18

Table legend: (Time is in decaauts)
 A = Elapsed time spent in this place.
 B = Non-inter-level travel time spent in this place.
 C = Inter-level travel time spent in this place.
 D = Time resting spent in this place.
 E = Time spent auto-exploring this place.
 F = Levels seen in this place.
 G = Mean time per level.
                   A        B        C        D        E       F      G
               +--------+--------+--------+--------+--------+-----+--------+
         Total |   1082 |   1082 |      0 |    621 |    294 |   1 | 1082.0 |
       Dungeon |   1082 |   1082 |      0 |    621 |    294 |   1 | 1082.0 |
               +--------+--------+--------+--------+--------+-----+--------+

Top non-repeatable levels by time:
     D:1: 1082 daAuts
